 Dungeon Crawl Stone Soup version 0.20.1-1-g8b1a95d (webtiles) character file.

132672 Gargoyl the Tortoise (level 16, -10/129 HPs)
             Began as a Minotaur Abyssal Knight on Sept 28, 2017.
             Was the Champion of Lugonu.
             Mangled by Donald
             ... wielding a +1 scimitar of slicing
              (18 damage)
             ... on level 1 of the Snake Pit on Sept 29, 2017.
             The game lasted 01:10:53 (29537 turns).

Gargoyl the Tortoise (Minotaur Abyssal Knight)     Turns: 29537, Time: 01:10:53

Health: -10/129    AC: 32    Str: 32    XL:     16   Next: 58%
Magic:  25/25      EV: 10    Int:  7    God:    Lugonu [******]
Gold:   1038       SH: 25    Dex: 17    Spells: 15/15 levels left

rFire    x . .     SeeInvis +   d - +4 hand axe (flame)
rCold    . . .     Gourm    .   O - +0 large shield
rNeg     . . .     Faith    .   Q - +2 crystal plate armour
rPois    +         Spirit   .   (helmet unavailable)
rElec    +         Reflect  +   (no cloak)
rCorr    .         Harm     .   B - +0 pair of gloves {Str+3}
MR       +....     Clarity  +   t - +2 pair of boots
Stlth    ..........             U - +3 amulet of reflection
Regen    0.4/turn               p - ring of Suspected Treachery {Wiz rPois rF- Dex+5 SInv}
MPRegen  0.2/turn               I - +3 ring of slaying

@: mighty
A: retaliatory headbutt, horns 3, talons 1, clarity, dopey 1, frail 1, sense
surroundings 1, electricity resistance, strong 1
a: Depart the Abyss, Bend Space, Banish, Corrupt, Enter the Abyss, Brand Weapon
With Distortion, Renounce Religion


You were on level 1 of the Snake Pit.
You worshipped Lugonu.
Lugonu was exalted by your worship.
You were not hungry.

You visited 4 branches of the dungeon, and saw 25 of its levels.
You visited the Abyss 1 time.
You also visited: Ossuary and Ice Cave.

You collected 3095 gold pieces.
You spent 2057 gold pieces at shops.

Inventory:

Hand Weapons
 d - a +4 hand axe of flaming (weapon)
 i - a +0 long sword of holy wrath
 n - a +1 hand axe of venom
 D - the +9 morningstar of the Gnat {crush, MR++}
   (You found it on level 10 of the Dungeon)

   It inflicts extra damage upon your enemies.
   It affects your resistance to hostile enchantments.
 J - a +0 broad axe
Missiles
 M - 7 javelins (quivered)
Armour
 t - a +2 pair of boots (worn)
 B - a +0 pair of gloves of strength (worn)
 O - a +0 large shield (worn)
 Q - a +2 crystal plate armour (worn)
Jewellery
 p - the ring of Suspected Treachery (left hand) {Wiz rPois rF- Dex+5 SInv}
   (You found it on level 4 of the Dungeon)

   [ring of wizardry]

   It improves your spell success rate.
   It affects your dexterity (+5).
   It makes you vulnerable to fire.
   It protects you from poison.
   It lets you see invisible.
 y - an uncursed ring of flight
 I - a +3 ring of slaying (right hand)
 U - a +3 amulet of reflection (around neck)
Scrolls
 a - 2 scrolls of summoning
 m - 7 scrolls of remove curse
 r - 5 scrolls of teleportation
 s - 4 scrolls of fog
 x - 4 scrolls of recharging
 K - 3 scrolls of magic mapping
 V - 4 scrolls of identify
Potions
 f - 2 potions of might
 j - 3 potions of curing
 k - a potion of mutation
 o - a potion of ambrosia
 u - 5 potions of agility
 w - 2 potions of berserk rage
 A - 3 potions of magic
 E - 8 potions of flight
 F - a potion of resistance
 G - 3 potions of brilliance
 L - 2 potions of invisibility
Comestibles
 b - 12 meat rations
 c - 5 bread rations
 g - 17 fruits
 h - 12 royal jellies
 P - 3 chunks of flesh


   Skills:
 + Level 13.3 Fighting
 + Level 15.7(15.9) Axes
 + Level 4.0(11.3) Maces & Flails
 + Level 2.0 Throwing
 * Level 17.2 Armour
 + Level 8.5 Dodging
 + Level 13.5 Shields
 * Level 13.8 Invocations
 + Level 0.1 Evocations


You had 15 spell levels left.
You didn't know any spells.

Dungeon Overview and Level Annotations

Branches:
Dungeon (15/15)            Temple (0/1) D:5            Lair (6/6) D:8
  Swamp (0/4) Lair:3        Snake (2/4) Lair:4        Slime (0/5) Lair:5
    Orc (2/2) D:10            Elf (0/3) Orc:2        Vaults (0/5) D:13
 Depths (0/5) D:15

Altars:
Dithmenos
Fedhas
Gozag
Nemelex Xobeh
Ru
Sif Muna
Xom
Yredelemnul
Zin
Beogh
Jiyva

Shops:
Orc:2 *=([

Annotations:
Lair:4 Aizul
Lair:5 1 runed door
Snake:1 Donald
Abyss:1 Kirke


Innate Abilities, Weirdness & Mutations

You reflexively headbutt those who attack you in melee.
You have a pair of large horns on your head.
You have sharp toenails.
You possess an exceptional clarity of mind.
You are dopey. (Int -2)
You are frail. (-10% HP)
You passively map a small area around you.
You are resistant to electric shocks. (rElec)
Your muscles are strong. (Str +2)


Message History

Donald says, "I hate mutated serpents."
Donald no longer looks unusually strong.
Donald gestures wildly while chanting.
Donald seems to grow stronger.
You see here 3 arrows.
You block Donald's attack.
Things that are here:
a dire flail; a battleaxe; an uncursed shortbow of flaming Donald says, "I'm sick of this place.
Or maybe that's poison..."
There is a stone staircase leading up here.
Things that are here:
8 bolts; 2 arrows Donald hits you with a scimitar of slicing!!
* * * LOW HITPOINT WARNING * * *
x2 You block Donald's attack.
You climb upwards.
There is a stone staircase leading down here.
You feel very mighty all of a sudden.
Donald hits you with a scimitar of slicing!!
You die...

......##...##..........##
##.####
#....###...............####..#
####..##...####.............##
.####...##...##.#....#####..#
........##...#..##......#...#
.####...##.....######.....#.###
.# ###..........# #....##...#
.#######.......@.#######.##...#
...........(....@..# #.##...#
...[#.....(.#...)### #.##...#
...................#####.##...#
....)..........#......##.##.###
...#...........#..........#.#
####..[................#....#
.....#...#...##[.......#..######
.........#(..###...............#
.......###...# #.))............#


You could see Donald.

Vanquished Creatures
  Rupert (Lair:6)
  The ghost of Berahthraban the Nimble, a journeyman HuTm of Sif Muna (Orc:2)
  The ghost of Rozenbaumfricks2 the Cleaver, a journeyman DsFi of Jiyva (D:12)
  The ghost of mimosa the Fighter, a journeyman HOBe of Trog (Orc:1)
  2 ogre magi
  The ghost of mimosa the Cleaver, a journeyman HOFi of the Shining One (D:9)
  3 naga warriors
  A great orb of eyes (D:15)
  8 hydras
  2 catoblepae
  7 anacondas
  6 death yaks (Lair:6)
  A death knight (D:14)
  10 two-headed ogres
  4 centaur warriors
  A deep troll shaman (Lair:6)
  2 tengu warriors (D:13)
  An orc high priest (Orc:2)
  A deep elf knight (D:13)
  2 naga sharpshooters
  5 skeletal warriors (D:15)
  3 shock serpents
  A salamander mystic (Snake:2)
  2 unseen horrors
  2 naga ritualists
  A phantasmal warrior (D:14)
  A wizard (D:15)
  3 lindwurms
  A necromancer (D:9)
  4 orc knights
  3 mana vipers
  3 orc sorcerers
  4 deep elf magi
  2 manticores (D:13)
  4 salamanders
  11 ugly things
  A cyclops (Orc:1)
  12 elephants
  A black mamba (shapeshifter) (D:14)
  A centaur zombie (D:12)
  2 gargoyles
  4 naga magi
  21 black mambas
  10 spiny frogs
  2 ice statues (IceCv)
  6 rime drakes
  2 freezing wraiths (D:14)
  An efreet (D:14)
  5 komodo dragons
  A merfolk (D:9)
  11 trolls
  3 polar bears
  6 meliai (D:15)
  Prince Ribbit (D:8)
  A wind drake (shapeshifter) (D:15)
  8 hippogriffs
  36 blink frogs
  A meliai zombie (D:13)
  12 slime creatures (D:15)
  27 yaks
  3 wraiths
  A shadow (D:14)
  6 wyverns
  Sigmund (D:4)
  A hog (shapeshifter) (D:15)
  4 basilisks
  6 hogs (Snake:1)
  5 vampire mosquitoes
  A hungry ghost (D:9)
  2 wargs (Orc:2)
  23 nagas
  2 floating eyes (shapeshifter) (D:15)
  10 water moccasins
  8 porcupines
  30 orc warriors
  29 ice beasts
  4 phantoms
  2 black bears
  4 sky beasts
  11 ogres
  5 boggarts
  A necrophage (D:10)
  8 centaurs
  16 wolves
  17 crocodiles
  5 big kobolds
  Blork the orc (D:6)
  21 bullfrogs
  A gnoll sergeant (D:11)
  A wyvern zombie (D:14)
  20 killer bees
  7 scorpions
  3 vampire bats (Orc:1)
  2 howler monkeys (D:7)
  18 wights
  5 crimson imps
  2 quasits
  4 centaur skeletons
  4 hounds
  15 orc priests
  2 bullfrog skeletons
  2 jellies
  A gnoll shaman (D:4)
  26 orc wizards
  5 iguanas
  Natasha (D:2)
  8 worker ants
  3 big kobold zombies (Ossuary)
  The ghost of letownia the Insei, a weakling OpTm (D:7)
  A hound zombie (D:9)
  4 hound skeletons
  2 mummies
  A worker ant zombie (D:5)
  7 gnolls
  A howler monkey skeleton (D:7)
  11 adders
  A river rat (D:4)
  A shadow imp (D:9)
  An ooze (D:1)
  An adder zombie (D:6)
  4 worms
  2 dart slugs
  6 leopard geckos
  65 orcs
  2 spectral bats (Ossuary)
  16 bats
  5 giant cockroaches
  9 gnoll zombies (Ossuary)
  9 hobgoblins
  4 jackals (D:2)
  10 kobolds
  4 quokkas
  7 ball pythons
  4 bat simulacra (Ossuary)
  2 frilled lizards
  5 goblins
  5 goblin simulacra (Ossuary)
  5 goblin zombies (Ossuary)
  7 hobgoblin zombies (Ossuary)
  5 kobold simulacra (Ossuary)
  4 kobold zombies (Ossuary)
  A leopard gecko skeleton (D:5)
  2 orc zombies (Ossuary)
  2 quokka zombies
  16 rats
  2 rat simulacra (Ossuary)
  6 spectral goblins (Ossuary)
  4 spectral kobolds (Ossuary)
  2 spectral rats (Ossuary)
  A butterfly (D:7)
  A fungus (Lair:6)
  2 plants
889 creatures vanquished.

Vanquished Creatures (others)
  An orc warlord (Orc:1)
  2 ice dragons (IceCv)
  A naga warrior (Snake:1)
  The ghost of Azo the Blocker, a journeyman FoAK of Lugonu (Lair:1)
  2 centaur warriors
  A naga sharpshooter (Snake:2)
  3 oklob plants (Lair:5)
  A cyclops (D:15)
  A shadow (D:13)
  An orc warrior (Orc:2)
  A centaur (D:13)
  A ball python (D:4)
  3 fungi
  4 plants
23 creatures vanquished.

Grand Total: 912 creatures vanquished

Notes
Turn   | Place    | Note
-------+----------+-------------------------------------------
     0 | Abyss:1  | Gargoyl the Minotaur Abyssal Knight began the quest for the Orb.
     0 | Abyss:1  | Reached XP level 1. HP: 19/19 MP: 1/1
    38 | Abyss:1  | Noticed a neqoxec
    40 | Abyss:1  | Noticed a large abomination
    46 | Abyss:1  | Noticed a crimson imp
    54 | D:1      | Escaped the Abyss
   277 | D:1      | Reached XP level 2. HP: 21/27 MP: 2/2
   277 | D:1      | Reached * piety under Lugonu
   501 | D:1      | Reached skill level 3 in Armour
   663 | D:2      | Reached XP level 3. HP: 33/33 MP: 3/3
   950 | D:2      | Reached XP level 4. HP: 35/40 MP: 4/4
  1007 | D:2      | Found an opulent altar of Gozag.
  1154 | D:2      | Noticed Natasha
  1160 | D:2      | Killed Natasha
  1269 | D:2      | Reached ** piety under Lugonu
  1601 | D:3      | Reached XP level 5. HP: 46/47 MP: 6/6
  1646 | D:3      | Reached skill level 4 in Armour
  2373 | D:4      | Noticed an ogre
  2393 | D:4      | Killed an ogre
  2393 | D:4      | Reached skill level 5 in Armour
  2393 | D:4      | Reached XP level 6. HP: 28/55 MP: 7/7
  2536 | D:4      | Noticed Sigmund
  2551 | D:4      | Killed Sigmund
  2551 | D:4      | Reached skill level 5 in Fighting
  2551 | D:4      | Reached skill level 5 in Axes
  2696 | D:4      | Reached skill level 6 in Armour
  2696 | D:4      | Reached XP level 7. HP: 27/61 MP: 8/8
  2710 | D:4      | Found a sand-covered staircase.
  2722 | Ossuary  | Entered an ossuary
  2964 | Ossuary  | Reached *** piety under Lugonu
  3331 | Ossuary  | Reached **** piety under Lugonu
  3443 | D:4      | Got a scorched platinum ring
  3600 | D:4      | Identified the ring of Suspected Treachery {Wiz rPois rF- Dex+5 SInv} (You found it on level 4 of the Dungeon)
  3800 | D:4      | Reached XP level 8. HP: 32/68 MP: 9/9
  4082 | D:4      | Reached ***** piety under Lugonu
  4131 | D:4      | Reached skill level 7 in Armour
  4405 | D:5      | Entered Level 5 of the Dungeon
  4430 | D:5      | Found a staircase to the Ecumenical Temple.
  4462 | D:5      | Found a sacrificial altar of Ru.
  5150 | D:5      | Reached skill level 8 in Armour
  5176 | D:5      | Got a dazzling spear
  5177 | D:5      | Identified the +5 spear "Xobyoc" {flame, *Drain *Slow MR+ Int+3} (You found it on level 5 of the Dungeon)
  5356 | D:6      | Noticed Blork the orc
  5375 | D:6      | Killed Blork the orc
  5724 | D:6      | Reached XP level 9. HP: 76/78 MP: 11/11
  5829 | D:6      | Reached skill level 5 in Invocations
  6206 | D:6      | Got a transparent scale mail
  6378 | D:6      | Identified the +5 scale mail "Gueczina" {rC+ Regen+} (You found it on level 6 of the Dungeon)
  6420 | D:6      | Reached skill level 9 in Armour
  6478 | D:7      | Noticed letownia's ghost (weakling OpTm)
  6483 | D:7      | Killed letownia's ghost
  6913 | D:7      | Gained mutation: You have large cloven feet. [mutagenic meat]
  6945 | D:7      | Reached skill level 10 in Armour
  7137 | D:7      | Found a shadowy altar of Dithmenos.
  7145 | D:7      | Found a blossoming altar of Fedhas.
  7412 | D:8      | Reached XP level 10. HP: 61/86 MP: 13/13
  7723 | D:8      | Noticed Prince Ribbit
  7724 | D:8      | Found a staircase to the Lair.
  7733 | D:8      | Killed Prince Ribbit
  8355 | D:8      | Reached skill level 1 in Shields
  8404 | Lair:1   | Entered Level 1 of the Lair of Beasts
  8415 | Lair:1   | Noticed a spiny frog
  8418 | Lair:1   | Noticed a spiny frog
  8418 | Lair:1   | Noticed a black mamba
  8678 | D:8      | Killed a spiny frog
  8688 | D:8      | Killed a black mamba
  8688 | D:8      | Reached skill level 10 in Axes
  8820 | Lair:1   | Killed a spiny frog
  8820 | Lair:1   | Reached skill level 11 in Armour
  8974 | Lair:1   | Noticed Azo's ghost (journeyman FoAK)
  9518 | Lair:1   | Reached ****** piety under Lugonu
  9773 | Lair:1   | Reached skill level 1 in Throwing
  9957 | Lair:1   | Reached XP level 11. HP: 67/95 MP: 15/15
  9968 | Lair:1   | Reached skill level 5 in Dodging
  9980 | Lair:1   | Reached skill level 12 in Armour
 10086 | Lair:1   | Banished Azo's ghost
 10268 | Lair:2   | Found a glowing silver altar of Zin.
 10404 | Lair:2   | Noticed a six-headed hydra
 10413 | Lair:2   | Killed a two-headed hydra
 10975 | Lair:3   | Reached skill level 13 in Armour
 11113 | Lair:3   | Found a staircase to the Swamp.
 11129 | Lair:3   | Noticed an eight-headed hydra
 11139 | Lair:3   | Killed a four-headed hydra
 11139 | Lair:3   | Reached XP level 12. HP: 70/104 MP: 17/17
 12226 | Lair:4   | Reached skill level 5 in Shields
 12277 | Lair:4   | Found a staircase to the Snake Pit.
 12292 | Lair:4   | Found a frozen archway.
 12324 | IceCv    | Entered an ice cave
 12703 | IceCv    | Noticed an ice dragon
 12704 | IceCv    | Noticed an ice dragon
 12710 | IceCv    | Banished an ice dragon
 12713 | IceCv    | Banished an ice dragon
 12815 | IceCv    | Got a scorched copper ring
 12819 | IceCv    | Got a sparkling wooden ring
 12825 | IceCv    | Got a vibrating steel ring
 12914 | Lair:4   | Identified the ring of Demons {Fire Str+5} (You found it in an ice cave)
 12916 | Lair:4   | Identified the ring of Kead {Fire rN+ MR+ Str+2 Dex+4} (You found it in an ice cave)
 12919 | Lair:4   | Identified the ring "Kait Caocsow" {rPois rC+ rN+ Str+2} (You found it in an ice cave)
 13055 | Lair:4   | Reached skill level 14 in Armour
 13117 | Lair:4   | Reached skill level 10 in Fighting
 13237 | Lair:4   | Reached skill level 10 in Invocations
 13543 | Lair:4   | Noticed a five-headed hydra
 13551 | Lair:4   | Killed a one-headed hydra
 13725 | Lair:4   | You fall through a shaft for 2 floors!
 13725 | Lair:6   | Entered Level 6 of the Lair of Beasts
 13793 | Lair:6   | Reached XP level 13. HP: 68/113 MP: 19/19
 14168 | Lair:5   | Found a runed door.
 14777 | Lair:5   | Found a viscous altar of Jiyva.
 14870 | Lair:5   | Found a staircase to the Slime Pits.
 15597 | Lair:6   | Lost mutation: You have large cloven feet. [potion of mutation]
 15597 | Lair:6   | Gained mutation: You are frail. (-10% HP) [potion of mutation]
 15597 | Lair:6   | Gained mutation: Your muscles are strong. (Str +2) [potion of mutation]
 15597 | Lair:6   | Gained mutation: You possess an exceptional clarity of mind. [potion of mutation]
 16001 | Lair:6   | HP: 1/103 [death yak (20)]
 16229 | Lair:6   | Noticed Rupert
 16251 | Lair:6   | Killed Rupert
 16536 | Lair:5   | Reached XP level 14. HP: 31/111 MP: 12/21
 16734 | Lair:6   | Reached skill level 15 in Armour
 16921 | Lair:6   | Got an ancient iron amulet
 17187 | D:9      | Noticed mimosa's ghost (journeyman HOFi)
 17214 | D:9      | Killed mimosa's ghost
 17296 | D:9      | Gained mutation: You are resistant to electric shocks. (rElec) [mutagenic meat]
 17297 | D:9      | Gained mutation: You have a pair of large horns on your head. [mutagenic meat]
 17299 | D:9      | Gained mutation: You have sharp toenails. [mutagenic meat]
 17300 | D:9      | Gained mutation: You passively map a small area around you. [mutagenic meat]
 17301 | D:9      | Gained mutation: You are dopey. (Int -2) [mutagenic meat]
 17834 | D:10     | Entered Level 10 of the Dungeon
 17842 | D:10     | Found a staircase to the Orcish Mines.
 17850 | D:10     | Got a crude morningstar
 17851 | D:10     | Identified the +9 morningstar of the Gnat {crush, MR++} (You found it on level 10 of the Dungeon)
 17908 | D:10     | Identified the amulet "Jadypudu" {Spirit rC+ Str+7} (You found it on level 6 of the Lair of Beasts)
 17925 | D:10     | You fall through a shaft for 3 floors!
 17959 | D:13     | Reached skill level 1 in Maces & Flails
 18146 | D:12     | Noticed Rozenbaumfricks2's ghost (journeyman DsFi)
 18176 | D:12     | Killed Rozenbaumfricks2's ghost
 18487 | D:10     | Got a scorched scale mail
 18498 | D:10     | Identified the +1 scale mail "Cupri" {rElec rN+ Str-2 SInv} (You found it on level 10 of the Dungeon)
 18684 | D:10     | Found a shimmering altar of Xom.
 18785 | D:10     | Found a deep blue altar of Sif Muna.
 20410 | D:13     | Reached XP level 15. HP: 54/118 MP: 23/23
 20581 | D:13     | Found a gate to the Vaults.
 21175 | D:14     | Reached skill level 10 in Shields
 21421 | D:14     | Reached skill level 16 in Armour
 21666 | D:14     | Found a basalt altar of Yredelemnul.
 21836 | D:15     | Entered Level 15 of the Dungeon
 21846 | D:15     | Reached skill level 15 in Axes
 22758 | D:15     | Found a staircase to the Depths.
 22761 | D:15     | Paralysed by a floating eye for 2 turns
 22912 | D:15     | Found a sparkling altar of Nemelex Xobeh.
 23432 | Orc:1    | Entered Level 1 of the Orcish Mines
 23561 | Orc:1    | Noticed mimosa's ghost (journeyman HOBe)
 23606 | Orc:1    | Killed mimosa's ghost
 23966 | Orc:2    | Entered Level 2 of the Orcish Mines
 24329 | Orc:2    | Noticed Berahthraban's ghost (journeyman HuTm)
 24460 | Orc:2    | Found a roughly hewn altar of Beogh.
 24461 | Orc:2    | Found a staircase to the Elven Halls.
 24558 | Orc:2    | Noticed an orc warlord
 24679 | Orc:2    | Killed Berahthraban's ghost
 24862 | Orc:1    | Banished an orc warlord
 25083 | Orc:2    | Found a roughly hewn altar of Beogh.
 25099 | Orc:2    | Reached XP level 16. HP: 52/126 MP: 25/25
 25208 | Orc:2    | Found Xies's General Store.
 25215 | Orc:2    | Bought a scroll of enchant weapon for 112 gold pieces
 25225 | Orc:2    | Found Heazuc's Antique Weapon Emporium.
 25241 | Orc:2    | Found Fegut's Antique Armour Emporium.
 25322 | Orc:2    | Found Ymaewuakh's Jewellery Emporium.
 25649 | Orc:2    | Bought a runed crystal plate armour for 1743 gold pieces
 25690 | Orc:2    | Bought a pair of glowing gloves for 157 gold pieces
 25717 | Orc:2    | Bought a scroll of teleportation for 45 gold pieces
 25876 | Snake:1  | Entered Level 1 of the Snake Pit
 26152 | Snake:1  | Noticed Aizul
 26528 | Snake:1  | Noticed Kirke
 26817 | Snake:1  | Banished Kirke
 28619 | Snake:2  | Reached skill level 17 in Armour
 29490 | Snake:2  | Noticed Donald
 29537 | Snake:1  | Mangled by Donald

Skill      XL: |  1  2  3  4  5  6  7  8  9 10 11 12 13 14 15 16 |
---------------+-------------------------------------------------+-----
Invocations    | 2 3 4 6 7 8 10 11 12 13 | 13.8
Fighting       | 4 5 6 7 8 9 10 11 12 13 | 13.3
Armour         | 3 5 6 8 10 11 13 14 15 16 17 | 17.2
Axes           | 3 4 5 6 8 9 10 12 13 14 15 | 15.7
Dodging        | 2 3 4 5 6 7 8 |  8.5
Shields        | 2 4 5 7 9 12 13 | 13.5
Throwing       | 1 2 |  2.0
Maces & Flails | 3 4 |  4.0
Evocations     | |  0.1

Action                   |  1- 3 |  4- 6 |  7- 9 | 10-12 | 13-15 | 16-18 || total
-------------------------+-------+-------+-------+-------+-------+-------++-------
Melee: Hand axe          |    56 |   143 |   459 |   695 |  1542 |   361 ||  3256
       Headbutt          |     4 |    22 |    94 |   192 |   586 |   110 ||  1008
       Morningstar       |       |       |       |       |    90 |       ||    90
Throw: Tomahawk          |       |       |     7 |    10 |     5 |       ||    22
       Javelin           |       |       |       |     3 |     8 |     2 ||    13
Invok: Depart the Abyss  |     1 |       |       |       |       |       ||     1
       Banish            |       |       |       |     5 |    12 |     7 ||    24
       Bend Space        |       |       |       |       |     4 |       ||     4
Evoke: Wand              |       |       |       |       |     2 |     1 ||     3
  Use: Scroll            |     3 |     2 |     9 |    13 |    18 |     7 ||    52
       Potion            |       |     1 |     4 |     1 |     6 |     6 ||    18
 Stab: Petrified         |       |       |       |       |    18 |       ||    18
  Eat: Chunk             |       |     6 |    12 |    18 |    33 |     4 ||    73
       Bread ration      |       |       |     1 |     1 |     1 |     3 ||     6
       Meat ration       |       |       |       |       |     2 |       ||     2
Armor: Leather armour    |     5 |       |       |       |       |       ||     5
       Ring mail         |    24 |    26 |       |       |       |       ||    50
       Chain mail        |       |    21 |   227 |       |       |       ||   248
       Scale mail        |       |       |    88 |   272 |   519 |     2 ||   881
       Crystal plate arm |       |       |       |       |       |   160 ||   160
Dodge: Dodged            |    45 |    67 |   217 |   446 |   609 |    73 ||  1457
Block: Buckler           |       |       |    10 |   182 |   255 |       ||   447
       Reflection        |       |       |       |       |    53 |    80 ||   133
       Large shield      |       |       |       |       |  1033 |   526 ||  1559
